AoeStats
← sermarqu

Lombardia

509961684Analyzed
2v2 RM · 3d ago on Sep 28, 2026· 58m 33s· 4 players
Game mode
Random Map
Map size
Medium (4 player)
Population
200
Speed
Normal
Resources
Standard
Victory
Conquest
Starting age
Dark Age
Ending age
Imperial Age
RankedLock teamsTeams togetherTeam positionsShared explorationLock speedFull tech treeHidden civsTurbo modeCheats
Victory
Defeat
🇪🇸 Italians · Spain
453
+16
🇪🇸 Turks · Spain
453
+17
🇧🇷 Portuguese · Brazil
471
-17
🇧🇷 Persians · Brazil
463
-16
IMPERATORCXI
4:56 Loom
12:52 Feudal Age
13:47 Double-Bit Axe
13:44 Horse Collar
13:57 Gold Mining
14:03 Stone Mining
16:55 Wheelbarrow
18:53 Town Watch
20:56 Fletching
25:23 Castle Age
23:48 Bloodlines
23:42 Padded Archer Armor
24:38 Forging
26:00 Pikeman
26:05 Elite Skirmisher
29:13 Bodkin Arrow
29:35 Husbandry
31:30 Arson
31:06 Man-at-Arms
32:37 Stone Shaft Mining
32:15 Bow Saw
32:23 Leather Archer Armor
32:14 Caravan
32:35 Town Patrol
33:53 Heavy Plow
33:51 Long Swordsman
36:55 Iron Casting
36:20 Scale Mail Armor
36:25 Scale Barding Armor
37:11 Silk Road
37:25 Squires
38:58 Treadmill Crane
42:04 Imperial Age
40:13 Ballistics
40:14 Chain Mail Armor
40:20 Chain Barding Armor
41:31 Thumb Ring
40:49 Light Cavalry
41:45 Fervor
42:28 Hand Cart
43:53 Two-Man Saw
43:31 Conscription
46:02 Chemistry
45:13 Fortified Wall
46:09 Elite Genoese Crossbowman
48:22 Hoardings
48:06 Masonry
48:08 Bracer
48:39 Ring Archer Armor
49:07 Cavalier
49:08 Hussar
54:00 Architecture
52:55 Two-Handed Swordsman
54:38 Blast Furnace
54:08 Plate Mail Armor
54:13 Plate Barding Armor
54:10 Crop Rotation
58:23 Devotion
sermarqu
9:24 Loom
11:35 Feudal Age
15:43 Horse Collar
16:36 Arson
24:00 Castle Age
23:44 Stone Mining
24:56 Scale Barding Armor
25:01 Double-Bit Axe
33:37 Chain Barding Armor
33:57 Husbandry
37:01 Bow Saw
44:38 Imperial Age
48:00 Fervor
48:12 Sanctity
47:53 Devotion
48:03 Redemption
48:50 Ballistics
49:27 Heavy Camel Rider
52:23 Elite Janissary
54:24 Plate Barding Armor
54:45 Bloodlines
IIErich
10:23 Loom
12:36 Feudal Age
13:10 Double-Bit Axe
19:46 Castle Age
19:40 Scale Mail Armor
19:51 Forging
20:21 Gold Mining
20:18 Horse Collar
21:16 Stone Mining
22:05 Bow Saw
22:41 Pikeman
34:08 Chain Mail Armor
34:29 Iron Casting
34:34 Wheelbarrow
36:33 Stone Shaft Mining
44:48 Imperial Age
48:22 Elite Organ Gun
51:23 Chemistry
YBiel21
0:30 Loom
11:25 Feudal Age
12:26 Double-Bit Axe
14:38 Scale Barding Armor
15:15 Forging
18:16 Wheelbarrow
19:45 Gold Mining
21:01 Bloodlines
25:28 Castle Age
26:57 Husbandry
27:22 Chain Barding Armor
27:38 Iron Casting
29:11 Hand Cart
35:47 Gold Shaft Mining
35:03 Stone Mining
35:29 Bow Saw
45:24 Imperial Age
47:13 Heavy Camel Rider
48:36 Plate Barding Armor
48:37 Heavy Scorpion
51:07 Stone Shaft Mining
53:39 Two-Man Saw
Connection lost

Rejoining the realm…

Still unreachable

The connection could not be restored.

Session expired

The server has moved on; the page needs a fresh start.